 Dungeon Crawl Stone Soup version 0.30.1-11-g7821555f0a (webtiles) character file.

Game seed: 1853905445164750801

2914 MrIGI the Grappler (level 9, -1/88 HPs)
             Began as a Troll Fighter on Dec 19, 2023.
             Was an Initiate of Wu Jian.
             Slain by a killer bee (5 damage)
             ... on level 7 of the Dungeon.
             The game lasted 00:12:48 (5793 turns).

MrIGI the Grappler (Troll Fighter)                  Turns: 5793, Time: 00:12:50

Health: -1/88      AC:  5    Str: 30    XL:     9   Next: 50%
Magic:  8/8        EV:  9    Int: 10    God:    Wu Jian [......]
Gold:   305        SH:  9    Dex:  9    Spells: 8/8 levels left

rFire   . .          .
                       - Unarmed
rCold   . . .        b - +0 kite shield
rNeg    . . .        a - +0 robe
rPois   .            (helmet restricted)
rElec   .            x - +0 cloak
rCorr   .            (gloves unavailable)
SInv    .            (boots unavailable)
Will    .....        s - amulet of regeneration
Stlth   +            A - +6 ring of intelligence
HPRegen 1.94/turn    (no ring)
MPRegen 0.11/turn

%: no passive effects
@: lethally poisoned (-1 -> -7), about to teleport
A: large, unfitting armour, claws 3, regeneration 1, shaggy fur 1, tough skin 1
a: Renounce Religion


You were on level 7 of the Dungeon.
You worshipped Wu Jian.
Wu Jian was noncommittal.
You visited 3 branches of the dungeon, and saw 10 of its levels.

You collected 305 gold pieces.

Inventory:

Missiles
 j - 3 curare-tipped darts
 p - 9 poisoned darts
 t - 2 throwing nets (quivered)
Armour
 a - a +0 robe (worn)
 b - a +0 kite shield (worn)
 o - the +0 pair of boots of Summertime {Harm}
   (You found it on level 2 of the Dungeon)

   Harm:      It increases damage dealt and taken.
 x - a +0 cloak (worn)
Jewellery
 s - an amulet of regeneration (around neck)
 A - a +6 ring of intelligence (left claw)
Wands
 y - a wand of iceblast (4)
Scrolls
 e - a scroll of torment {unknown}
 h - 2 scrolls of enchant weapon {unknown}
 i - 2 scrolls of teleportation
 l - 3 scrolls of noise
 m - 3 scrolls of fear
 q - 8 scrolls of fog
 r - a scroll of immolation {unknown}
 u - a scroll of amnesia
 v - 3 scrolls of vulnerability {unknown}
 C - a scroll of butterflies {unknown}
Potions
 c - a potion of might
 d - a potion of invisibility
 f - 5 potions of brilliance
 g - 4 potions of lignification
 k - a potion of attraction {unknown}
 n - a potion of heal wounds
 w - a potion of flight {unknown}
 z - a potion of degeneration {unknown}
 B - 2 potions of mutation


   Skills:
 + Level 5.2 Fighting
 * Level 3.9 Throwing
 - Level 4.3 Dodging
 * Level 6.5 Shields
 * Level 8.1 Unarmed Combat


You had 8 spell levels left.
You didn't know any spells.
Your spell library contained the following spells:

 Spells                   Type           Power      Damage    Failure   Level
 Apportation              Tloc           0%         N/A       54%         1
 Kiss of Death            Conj/Necr      0%         2d5       54%         1
 Necrotise                Necr           0%         1d4       54%         1
 Shock                    Conj/Air       0%         1d3       54%         1
 Summon Small Mammal      Summ           0%         N/A       54%         1
 Lesser Beckoning         Tloc           0%         N/A       69%         2
 Confusing Touch          Hex            0%         N/A       89%         3
 Gell's Gravitas          Tloc           0%         N/A       89%         3
 Ozocubu's Armour         Ice            0%         N/A       89%         3
 Swiftness                Air            0%         N/A       89%         3
 Teleport Other           Tloc           0%         N/A       89%         3
 Airstrike                Air            0%         2d(0-16)  100%        4
 Dispel Undead            Necr           0%         3d6       100%        4
 Ozocubu's Refrigeration  Ice            0%         4d7       100%        7


Dungeon Overview and Level Annotations

Branches:
Dungeon (8/15)             Temple (1/1) D:5            Lair (1/5) D:8

Altars:
Ashenzari
Cheibriados
Dithmenos
Elyvilon
Fedhas
Gozag
Hepliaklqana
Kikubaaqudgha
Makhleb
Nemelex Xobeh
Okawaru
Qazlal
Ru
Sif Muna
Trog
Uskayaw
Wu Jian
Yredelemnul
Zin
The Shining One

Shops:
D:3 =


Innate Abilities, Weirdness & Mutations

You are too large for most types of armour.
You have claws for hands.
Your natural rate of healing is unusually fast.
You are covered in fur. (AC +1)
You have tough skin. (AC +1)


Message History

You feel very sick. You block the killer bee's attack.
The killer bee stings you.
* * * LOW HITPOINT WARNING * * *
You block the killer bee's attack. The killer bee closely misses you. x2
You block the killer bee's attack.
You closely miss the killer bee.
You feel very sick. You block the killer bee's attack.
The killer bee stings you.
* * * LOW HITPOINT WARNING * * *
The killer bee stings you but does no damage.
You block the killer bee's attack. The killer bee stings you!
* * * LOW HITPOINT WARNING * * *
You are more poisoned.
The killer bee poisons you! You block the killer bee's attack.
Unknown command.
You feel much better.
You feel very sick. The killer bee stings you.
* * * LOW HITPOINT WARNING * * *
You are more poisoned.
The killer bee poisons you! The killer bee stings you.
* * * LOW HITPOINT WARNING * * *
You are more poisoned.
The killer bee poisons you! You block the killer bee's attack.
The killer bee stings you.
* * * LOW HITPOINT WARNING * * *
The killer bee barely misses you. You block the killer bee's attack.
As you read the scroll of teleportation, it crumbles to dust.
You feel strangely unstable.
You feel extremely sick.
You block the killer bee's attack. x3; The killer bee closely misses you.
The killer bee barely misses you. The killer bee stings you!
* * * LOW HITPOINT WARNING * * *
The killer bee attacks as you move away!
The killer bee barely misses you.
* * * LOW HITPOINT WARNING * * *
You feel very sick. The killer bee barely misses you.
You block the killer bee's attack. The killer bee stings you.
You die...

##########..#####.....##.##
##..## ####..#..# ##..#
####..# #..##### ##.##
##.....####..#
##..........#
##..........##
#.....[...#..#
##..y@......#.##
#...yy......#..#
#.#.........##.#
################


You could see 3 killer bees.

Vanquished Creatures
  4 water moccasins
  2 sky beasts
  2 black bears (D:5)
  An orc warrior (D:6)
  3 ice beasts
  4 ogres
  5 scorpions
  8 wights
  A jelly (D:4)
  3 orc priests
  3 hounds
  3 iguanas
  2 sleepcaps
  7 orc wizards
  4 gnolls (D:3)
  7 adders
  A white imp (D:5)
  An ufetubus (D:5)
  A worm (D:4)
  4 dart slugs
  14 orcs
  3 bats
  10 endoplasms
  5 giant cockroaches
  7 goblins
  6 hobgoblins
  2 jackals (D:3)
  5 kobolds
  3 quokkas
  7 ball pythons
  7 rats
135 creatures vanquished.

Notes
Turn   | Place    | Note
-------+----------+-------------------------------------------
     0 | D:1      | MrIGI the Troll Fighter began the quest for the Orb.
     0 | D:1      | Reached XP level 1. HP: 22/22 MP: 0/0
    99 | D:1      | Reached XP level 2. HP: 29/29 MP: 1/1
   624 | D:1      | Reached XP level 3. HP: 36/36 MP: 2/2
  1211 | D:2      | Found a hide-covered altar of Uskayaw.
  1442 | D:2      | Reached skill level 3 in Unarmed Combat
  1524 | D:2      | Identified the +0 pair of boots of Summertime {Harm}
  1712 | D:3      | Found Vireum's Jewellery Shop.
  1785 | D:3      | Reached XP level 4. HP: 44/44 MP: 3/3
  1942 | D:3      | Found a glowing silver altar of Zin.
  2033 | D:3      | Found a faded altar of an unknown god.
  2084 | D:3      | Found an ancient bone altar of Kikubaaqudgha.
  2220 | D:3      | Reached XP level 5. HP: 52/53 MP: 4/4
  2630 | D:4      | Reached skill level 4 in Unarmed Combat
  2685 | D:4      | Noticed an ogre
  2689 | D:5      | Entered Level 5 of the Dungeon
  2689 | D:5      | Noticed a black bear
  2696 | D:5      | Killed a black bear
  2697 | D:5      | Reached XP level 6. HP: 61/61 MP: 5/5
  2882 | D:5      | Reached skill level 5 in Unarmed Combat
  2882 | D:5      | Reached XP level 7. HP: 64/67 MP: 6/6
  2939 | D:5      | Found a sparkling altar of Nemelex Xobeh.
  3171 | D:5      | Found a staircase to the Ecumenical Temple.
  3180 | Temple   | Entered the Ecumenical Temple
  3343 | D:5      | Reached skill level 6 in Unarmed Combat
  3388 | D:4      | Reached XP level 8. HP: 68/78 MP: 7/7
  3630 | D:4      | You fall into a shaft and drop 1 floor!
  4206 | D:6      | Reached skill level 5 in Shields
  4369 | D:6      | Reached skill level 1 in Throwing
  4439 | D:6      | Reached skill level 7 in Unarmed Combat
  4769 | D:7      | Reached XP level 9. HP: 51/87 MP: 8/8
  4902 | D:7      | Reached skill level 5 in Fighting
  4905 | D:7      | Found a sacrificial altar of Ru.
  4906 | D:7      | Found a glowing golden altar of the Shining One.
  4911 | D:7      | Found a hazy altar of Hepliaklqana.
  4919 | D:7      | Found a snail-covered altar of Cheibriados.
  4920 | D:7      | Found an ornate altar of the Wu Jian Council.
  4920 | D:7      | Found a shadowy altar of Dithmenos.
  4921 | D:7      | Found a stormy altar of Qazlal.
  4950 | D:7      | Found a burning altar of Makhleb.
  4965 | D:7      | Became a worshipper of the Wu Jian Council
  4991 | D:7      | Found a basalt altar of Yredelemnul.
  5133 | D:7      | Identified the +2 robe of the Gusle {rF+ MP+9 Int+3 Dex-3}
  5233 | D:7      | Reached skill level 8 in Unarmed Combat
  5704 | D:8      | Found a staircase to the Lair.
  5723 | Lair:1   | Entered Level 1 of the Lair of Beasts
  5793 | D:7      | HP: 4/88 [poisoned by a killer bee]
  5793 | D:7      | Slain by a killer bee

Illustrated notes

Levels and vault maps discovered:
D:1:      minmay_arrival_plants_in_alcoves, layout_loops_corners,
          chequers_jeans, minmay_misc_feat_square
D:2:      layout_loops_corners, basic_altar
D:3:      wad_crossroads, layout_loops_ring, zin_academy,
          nicolae_kikubaaqudgha_miasma_corner, shapermc_ecumenical_altar_petra,
          serial_shops, nicolae_shop_gaudy_bauble
D:4:      layout_basic, st_stairs_3
D:5:      layout_gridville, nicolae_overflow_hidden_temple,
          minmay_temple_entry_trees
D:6:      layout_basic
D:7:      layout_cave_pods, nicolae_overflow_hallway_of_the_gods
D:8:      nicolae_whirlpool, layout_gridville, lair_entry_dummy, uniq_maggie
Temple:   hellmonk_temple_rainy
Lair:1:   layout_loops_ring, roderic_batcave, nicolae_quartered_pool_super

Skill      XL: |  1  2  3  4  5  6  7  8  9 |
---------------+----------------------------+-----
Shields        | 3 4 5 6 |  6.5
Unarmed Combat | 3 4 5 6 7 8 |  8.1
Fighting       | 3 4 5 |  5.2
Dodging        | 3 4 |  4.3
Throwing       | 2 3 |  3.9

Action                     |  1- 3 |  4- 6 |  7- 9 || total
---------------------------+-------+-------+-------++-------
  Melee: Unarmed           |   120 |   123 |   192 ||   435
Ability: Lunge             |       |       |     3 ||     3
    Use: Scroll            |       |     5 |     6 ||    11
         Potion            |       |       |     1 ||     1
   Stab: Sleeping          |     1 |     2 |       ||     3
 Armour: Robe              |    28 |    33 |    41 ||   102
  Dodge: Dodged            |    39 |    43 |    71 ||   153
  Block: Kite shield       |    44 |    45 |    82 ||   171
